 Dungeon Crawl Stone Soup version 0.31-a0-1104-g3bd3108e02 (webtiles) character file.

Game seed: 4873137094992128499

2672325 MackTheKnife the Slayer (level 25, 234/234 HPs)
             Began as a Demonspawn Hexslinger on Dec 1, 2023.
             Was the Champion of Ashenzari.
             Escaped with the Orb
             ... and 4 runes on Dec 2, 2023!
             The game lasted 01:56:01 (54604 turns).

MackTheKnife the Slayer (Demonspawn Hexslinger)    Turns: 54604, Time: 01:56:02

Health: 234/234    AC: 19    Str:  8    XL:     25   Next: 31%
Magic:  28/41      EV: 59    Int: 15    God:    Ashenzari [******]
Gold:   4616       SH:  0    Dex: 48    Spells: 6/52 levels left

rFire   + + .        G - +6 orcbow "Eternal Regret" {drain, *Corrode rF+ Dex+9 Stlth+, Self, Cun} (curse)
rCold   + . .        (shield currently unavailable)
rNeg    + + +        H - +3 leather armour of Ashenzari's Morality {rPois, Bglg, Elem} (curse)
rPois   +            (helmet unavailable)
rElec   +            S - +2 cloak "Anxiety of Ashenzari" {rCorr, Cun, Alch} (curse)
rCorr   +            N - +2 pair of gloves "Chained Submission" {Elem, Comp} (curse)
SInv    +            a - +1 pair of boots "Pragmatism of Ashenzari" {Contam rF+ rN+++ Will++, Bglg, Range} (curse)
Will    +++++        T - amulet "Profound Seeker" {Fly Regen+, Cun, Fort} (curse)
Stlth   +++          w - ring "Shattered Repose" {Wiz Dex+7, Elem, Bglg} (curse)
HPRegen 1.39/turn    O - ring "Share My Scepticism" {rElec rC+ Will+ Dex+5, Alch, Cun} (curse)
MPRegen 0.54/turn

%: corrode self (3%), clarity, guardian spirit, wizardry (x1)
@: liquefying, flying, studying Transmutations, slowed movement, very slow
A: antennae 3, thin metallic scales 3, demonic guardian 3, magic shield, magic
regeneration, black mark, bedeviling, aura of silence, agile 1, deterioration 1,
strong-willed 1, poison resistance, weak 1
0: Orb of Zot
}: 4/15 runes: barnacled, slimy, silver, gossamer
a: Renounce Religion, Shatter the Chains


You escaped.
You worshipped Ashenzari.
Ashenzari was exalted by your worship.
You visited 10 branches of the dungeon, and saw 52 of its levels.
You also visited: Bailey.

You collected 8811 gold pieces.
You spent 4195 gold pieces at shops.


Innate Abilities, Weirdness & Mutations

You have a pair of large antennae on your head. (SInv)
You are completely covered in thin metallic scales. (AC +4, rElec)
A powerful demonic guardian rushes to your aid.
When hurt, damage is shared between your health and your magic reserves.
You regenerate magic rapidly.
Your melee attacks may debilitate your foes.
Your hexes are more powerful.
You are surrounded by an aura of silence.
You are agile. (Dex +4, Str/Int -1)
Your body sometimes deteriorates upon taking damage.
You are strong-willed. (Will+)
Your system is resistant to poisons. (rPois)
You are weak. (Str -2)


   Skills:
 - Level 24.9(27) Fighting
 + Level 19.5(21.7) Ranged Weapons
 - Level 4.0(6.2) Armour
 - Level 21.7(27) Dodging
 - Level 4.0(9.0) Stealth
 - Level 11.5(14.0) Spellcasting
 - Level 6.1(10.7) Conjurations
 - Level 11.7(16.4) Hexes
 - Level 10.3(12.8) Summonings
 - Level 10.2(14.9) Translocations
 - Level 12.0(15.5) Transmutations
 - Level 0.8(3.1) Fire Magic
 - Level 5.7(10.3) Ice Magic
 - Level 3.8(8.0) Earth Magic
 - Level 5.5 Evocations


You had 6 spell levels left.
You knew the following spells:

 Your Spells              Type           Power      Damage    Failure   Level
a - Passage of Golubria   Tloc           53%        N/A       1%          4
c - Wereblood             Tmut           55%        N/A       0%          2
d - Irradiate             Conj/Tmut      24%        3d19      1%          5
e - Cause Fear            Hex            37%        N/A       1%          4
f - Dimensional Bullseye  Hex/Tloc       36%        N/A       1%          4
g - Metabolic Englaciati  Hex/Ice        33%        N/A       1%          5
h - Leda's Liquefaction   Hex/Erth       31%        N/A       1%          4
i - Yara's Violent Unrav  Hex/Tmut       36%        3d15      1%          5
j - Malign Gateway        Summ/Tloc      25%        N/A       11%         7
k - Dispersal             Tloc           26%        N/A       1%          6

Your spell library contained the following spells:

 Spells                   Type           Power      Damage    Failure   Level
 Slow                     Hex            100%       N/A       0%          1
 Jinxbite                 Hex            100%       N/A       0%          2
 Freeze                   Ice            100%       1d10      1%          1
 Kiss of Death            Conj/Necr      100%       2d13      1%          1
 Sandblast                Erth           68%        2d15      1%          1
 Shock                    Conj/Air       100%       1d9       1%          1
 Sting                    Tmut/Pois      100%       1d8       1%          1
 Summon Small Mammal      Summ           100%       N/A       1%          1
 Blink                    Tloc           100%       N/A       1%          2
 Lesser Beckoning         Tloc           100%       N/A       1%          2
 Momentum Strike          Conj/Tloc      98%        3d10      1%          2
 Passwall                 Tmut/Erth      37%        N/A       1%          2
 Call Canine Familiar     Summ           48%        N/A       1%          3
 Confusing Touch          Hex            74%        N/A       1%          3
 Dazzling Flash           Conj/Hex       100%       N/A       1%          3
 Frozen Ramparts          Ice            82%        1d13      1%          3
 Gell's Gravitas          Tloc           53%        N/A       1%          3
 Hailstorm                Conj/Ice       42%        3d10      1%          3
 Inner Flame              Hex/Fire       56%        N/A       1%          3
 Ozocubu's Armour         Ice            41%        N/A       1%          3
 Sigil of Binding         Hex            74%        N/A       1%          3
 Stone Arrow              Conj/Erth      76%        3d11      1%          3
 Summon Guardian Golem    Hex/Summ       69%        N/A       1%          3
 Teleport Other           Tloc           53%        N/A       1%          3
 Tukima's Dance           Hex            74%        N/A       1%          3
 Volatile Blastmotes      Fire/Tloc      74%        2d16      1%          3
 Brom's Barrelling Bould  Conj/Erth      38%        2d6       1%          4
 Flame Wave               Conj/Fire      31%        2d9       1%          4
 Fulminant Prism          Conj/Hex       33%        3d15      1%          4
 Iskenderun's Mystic Bla  Conj/Tloc      49%        2d11      1%          4
 Petrify                  Tmut/Erth      45%        N/A       1%          4
 Sticky Flame             Conj/Fire      31%        2d5       1%          4
 Iskenderun's Battlesphe  Conj           42%        2d9       1%          5
 Summon Forest            Summ/Tloc      25%        N/A       1%          5
 Summon Mana Viper        Hex/Summ       69%        N/A       1%          5
 Summon Lightning Spire   Summ/Air       30%        N/A       2%          4
 Summon Cactus Giant      Summ           24%        N/A       2%          6
 Lee's Rapid Deconstruct  Erth           17%        3d10*     3%          5
 Silence                  Hex/Air        26%        N/A       3%          5
 Poisonous Vapours        Pois/Air       24%        N/A       4%          2
 Sublimation of Blood     Necr           11%        N/A       4%          2
 Fireball                 Conj/Fire      15%        3d8       6%          5
 Vampiric Draining        Necr           11%        2d6       10%         3
 Bombard                  Conj/Erth      19%        9d4       12%         6
 Borgnjor's Vile Clutch   Necr/Erth      11%        N/A       17%         5
 Olgreb's Toxic Radiance  Pois           12%        N/A       26%         4
 Animate Dead             Necr           11%        N/A       30%         4
 Starburst                Conj/Fire      15%        6d6       30%         6
 Conjure Ball Lightning   Conj/Air       13%        3x3d6     45%         6
 Simulacrum               Ice/Necr       13%        N/A       50%         6
 Agony                    Necr           11%        N/A       61%         5
 Plasma Beam              Fire/Air       8%         2x1d18    91%         6
 Death Channel            Necr           5%         N/A       99%         6
 Spellforged Servitor     Conj/Summ      22%        N/A       24%         7
 Orb of Destruction       Conj           21%        9d8       32%         7
 Summon Horrible Things   Summ           24%        N/A       73%         8
 Lehudib's Crystal Spear  Conj/Erth      19%        10d6      99%         8
 Maxwell's Capacitive Co  Air            6%         ∞         100%        8
 Dragon's Call            Summ           24%        N/A       100%        9
 Fire Storm               Conj/Fire      15%        8d4       100%        9

Inventory:

Hand Weapons
 G - the cursed +6 orcbow "Eternal Regret" (weapon) {drain, *Corrode rF+ Dex+9 Stlth+, Self, Cun}
   (You took it off a kobold brigand on level 11 of the Dungeon)

   Dex+9:     It affects your dexterity (+9).
   rF+:       It protects you from fire.
   *Corrode:  It may corrode you when you take damage.
   Stlth+:    It makes you more stealthy.
   It has a curse which improves the following skills: Introspection: Fighting
   and Spellcasting.
   Cunning:   Dodging and Stealth.
Missiles
 x - 8 throwing nets {=f!fthrowing}
Armour
 a - the cursed +1 pair of boots "Pragmatism of Ashenzari" (worn) {Contam rF+ rN+++ Will++, Bglg, Range}
   (You found it on level 4 of the Spider Nest)

   rF+:       It protects you from fire.
   rN+++:     It renders you almost immune to negative energy.
   Will++:    It greatly increases your willpower.
   Contam:    It causes magical contamination when unequipped.
   It has a curse which improves the following skills: Beguiling: Conjurations,
   Hexes and Translocations.
   Ranged Combat: Ranged Weapons and Throwing.
 H - the cursed +3 leather armour of Ashenzari's Morality (worn) {rPois, Bglg, Elem}
   (You bought it in a shop on level 5 of the Dungeon)

   It has a curse which improves the following skills: Beguiling: Conjurations,
   Hexes and Translocations.
   Elements:  Fire Magic, Ice Magic, Air Magic and Earth Magic.
 K - a +0 ring mail of fire resistance
   (You found it on level 8 of the Dungeon)
 N - the cursed +2 pair of gloves "Chained Submission" (worn) {Elem, Comp}
   (You found it on level 8 of the Dungeon)

   It has a curse which improves the following skills: Elements: Fire Magic, Ice
   Magic, Air Magic and Earth Magic.
   Companions: Summonings and Necromancy.
 S - the cursed +2 cloak "Anxiety of Ashenzari" (worn) {rCorr, Cun, Alch}
   (You took it off Nikola on level 4 of the Spider Nest)

   It has a curse which improves the following skills: Cunning: Dodging and
   Stealth.
   Alchemy:   Poison Magic and Transmutations.
Jewellery
 k - an amulet of guardian spirit
   (You took it off a vault guard on level 5 of the Vaults)
 w - the cursed ring "Shattered Repose" (left hand) {Wiz Dex+7, Elem, Bglg}
   (You bought it in a shop on level 2 of the Orcish Mines)

   [ring of wizardry]

   Wiz:       It improves your spell success rate.
   Dex+7:     It affects your dexterity (+7).
   It has a curse which improves the following skills: Elements: Fire Magic, Ice
   Magic, Air Magic and Earth Magic.
   Beguiling: Conjurations, Hexes and Translocations.
 O - the cursed ring "Share My Scepticism" (right hand) {rElec rC+ Will+ Dex+5, Alch, Cun}
   (You took it off a kobold brigand on level 11 of the Dungeon)

   [ring of willpower]

   Dex+5:     It affects your dexterity (+5).
   rC+:       It protects you from cold.
   rElec:     It insulates you from electricity.
   Will+:     It increases your willpower.
   It has a curse which improves the following skills: Alchemy: Poison Magic and
   Transmutations.
   Cunning:   Dodging and Stealth.
 Q - the ring of Zobrais {*Corrode rPois rF+ rN++ MP+9}
   (You acquired it on level 3 of the Depths)

   [ring of magical power]

   rF+:       It protects you from fire.
   rPois:     It protects you from poison rN++: It greatly protects you from
   negative energy.
   MP+9:      It affects your magic capacity (+9).
   *Corrode:  It may corrode you when you take damage.
 T - the cursed amulet "Profound Seeker" (around neck) {Fly Regen+, Cun, Fort}
   (You found it on level 1 of the Shoals)

   [amulet of regeneration]

   Fly:       It grants you flight.
   Regen+:    It increases your rate of health regeneration.
   It has a curse which improves the following skills: Cunning: Dodging and
   Stealth.
   Fortitude: Armour and Shields.
 X - a ring of flight
   (You took it off an ogre mage on level 5 of the Vaults)
Wands
 d - a wand of digging (13)
   (You found it on level 12 of the Dungeon)
 m - a wand of polymorph (24)
   (You found it on level 10 of the Dungeon)
 y - a wand of iceblast (67)
   (You took it off Ijyb on level 4 of the Dungeon)
 B - a wand of mindburst (16)
   (You found it on level 3 of the Lair of Beasts)
 J - a wand of flame (161)
   (You found it on level 8 of the Dungeon)
 L - a wand of paralysis (31)
   (You found it on level 8 of the Dungeon)
 M - a wand of light (17)
   (You found it on level 8 of the Dungeon)
Scrolls
 b - 11 scrolls of poison {!r}
 c - a scroll of summoning
 f - 3 scrolls of blinking {!r}
 l - 10 scrolls of fear
 p - 7 scrolls of enchant armour
 r - 7 scrolls of fog
 t - 4 scrolls of silence {!r}
 u - 5 scrolls of immolation {!r!r}
 D - 18 scrolls of teleportation {@r4}
 E - 6 scrolls of revelation
 I - 2 scrolls of vulnerability {!r!r}
 W - 3 scrolls of enchant weapon
Potions
 e - 3 potions of berserk rage {!q}
 g - 26 potions of curing {@q1}
 h - 3 potions of mutation {!q}
 i - 3 potions of haste {@q3}
 j - 8 potions of attraction {!q}
 n - 18 potions of heal wounds {@q2}
 o - a potion of cancellation
 q - 11 potions of brilliance
 s - 3 potions of resistance
 v - 5 potions of might
 z - 6 potions of invisibility
 A - 9 potions of ambrosia
 C - 7 potions of enlightenment
 F - a potion of magic
Miscellaneous
 P - a lightning rod (4/4)
   (You found it on level 11 of the Dungeon)
 R - a phial of floods
   (You found it on level 14 of the Dungeon)
 U - a condenser vane
   (You found it on level 4 of the Shoals)
 V - a box of beasts
   (You found it on level 1 of the Vaults)

Dungeon Overview and Level Annotations

Branches:
Dungeon (15/15)            Temple (0/1) D:6            Lair (5/5) D:11
 Shoals (4/4) Lair:2       Spider (4/4) Lair:2        Slime (5/5) Lair:4
    Orc (2/2) D:11            Elf (3/3) Orc:2        Vaults (5/5) D:14
  Crypt (0/3) Vaults:2     Depths (4/4) D:15            Zot (5/5) Depths:4
 Bailey (visited)

Altars:
Ashenzari
Cheibriados
Dithmenos
Kikubaaqudgha
Makhleb
Nemelex Xobeh
Qazlal
Ru
Sif Muna
Trog
Vehumet
Wu Jian
Xom
Yredelemnul
Jiyva

Shops:
D:5 *   D:6 !   D:14 [   Orc:1 *   Orc:2 :=(:   Elf:2 :   Elf:3 (   Vaults:1 (
Vaults:3 !   Vaults:4 :*?   Depths:3 ![:

Portals:
Hell: Depths:1 Depths:2 Depths:3 Depths:4
Abyss: Depths:1 Depths:2 Depths:3
Pandemonium: Depths:1 Depths:2
Ziggurat: Depths:1
Trove: D:14 (give horn of Geryon)

Annotations:
D:1 Sigmund
D:5 2 transporters, Mll's ghost, novice GrFi
D:10 exclusion: 2 downstairs
Shoals:2 2 transporters, Ciuzocro's ghost, adept GnFi
Slime:5 1 exclusion
Elf:2 3 runed translucent doors
Vaults:4 3 runed translucent doors, Heidiaz's ghost, adept MfBe
Zot:1 1 transporter
Zot:5 exclusion: 3 upstairs

#.#....##............##########.#
..#....##....................##.#
.......####...........######.##.#
#.##....#.........#+#.# #.##.#
...+....#.........#.#.# #.##.#
...#....#.........#.#.# #.##.#
...#....#...♣.....#.#.# #.##.#
...#.####...w8....#.#.# #.##[#
..##.# #..*...@@...#.# #.##.#
...#.####.........#.#.######.##.#
...#.#.##.........#.#............
..)#.#.##.........#..........####
............##################
.....##..............#
.....................#
...##....###.........# .........#
#.........#


You could see Sigmund (invisible, struggling, ally target) and a friendly
eldritch tentacle.


Message History

There is a stone staircase leading up here. 😕 HP[+2] MP[+1]
You regained 2 hp, and now have 209/234 hp.
You fly upwards.
There is a stone staircase leading down, spattered with blood here. 😕 HP[+3] MP[+1]
You regained 3 hp, and now have 212/234 hp.
Aiming: Dig
Press: ? - help, Shift-Dir - straight line A rock wall.
This square is shrouded in silence and is covered in magical glow.
The rock shatters into small pieces.
Sigmund completely misses you. 😕 HP[+2] MP[+1]
You regained 2 hp, and now have 214/234 hp.
Sigmund completely misses you. 😕 HP[+1] 😕 HP[+1] MP[+1] Sigmund barely misses you. 😕 HP[+2] MP[+1]
You regained 2 hp, and now have 218/234 hp.
Your mp is fully restored (41). 😕 HP[+1] Sigmund gestures at you while chanting.
The puff of flame misses you. 😕 HP[+2]
You regained 2 hp, and now have 221/234 hp. 😕 HP[+1] 😕 HP[+1] 😕 HP[+2]
You regained 2 hp, and now have 225/234 hp. 😕 HP[+1] 😕 HP[+1] 😕 HP[+2]
You regained 2 hp, and now have 229/234 hp. 😕 HP[+1] 😕 HP[+2]
You regained 2 hp, and now have 232/234 hp.
Sigmund gestures at you while chanting.
The puff of flame misses you. 😕 HP[+1] 😎 HP[+1]
Your hp is fully restored (234).
Sigmund gestures at you while chanting. The puff of flame misses you.
Sigmund gestures at you while chanting. You resist with almost no effort.
Sigmund gestures at you while chanting. The puff of flame misses you.
There is an open door here.
Sigmund casts a spell at you.
The magic dart hits you. 😕 HP[-5] MP[-1]
You take 5 damage, and now have 229/234 hp.
You lost 1 mp, and now have 40/41 mp.
Sigmund gestures wildly while chanting.
Sigmund flickers and vanishes for a moment. 😕 HP[+1] 😕 HP[+2] MP[+1]
You regained 2 hp, and now have 232/234 hp.
Your mp is fully restored (41). 😕 HP[+1] 😎 HP[+1]
Your hp is fully restored (234).
There is a staircase leading out of the dungeon here.
Sigmund completely misses you.
There is a staircase leading out of the dungeon here.
Casting: Passage of Golubria (safe; 1% risk of failure)
Confirm with . or Enter, or press ? or * to list all spells.
You feel a surge of power!
The ground around you becomes liquefied!
Sigmund closely misses you. 😎 MP[-4]
You lost 4 mp, and now have 37/41 mp.
Unknown command.
Casting: Leda's Liquefaction (safe; 1% risk of failure)
Confirm with . or Enter, or press ? or * to list all spells.
Okay, then.
Unknown command.
Casting: Leda's Liquefaction (safe; 1% risk of failure)
Confirm with . or Enter, or press ? or * to list all spells.
Aiming: Dimensional Bullseye (safe; 1% risk of failure)
Press: ? - help, Dir - move target, f - Sigmund
Aim: Sigmund, wielding a +0 scythe and wearing a +0 robe (silenced, slightly transparent, covering ground slowly)
You feel a surge of power!
You create a dimensional link between your ranged weaponry and Sigmund. 😎 MP[-3]
You lost 3 mp, and now have 34/41 mp.
Casting: Dimensional Bullseye (safe; 1% risk of failure)
Confirm with . or Enter, or press ? or * to list all spells.
Okay, then.
Unknown command.
Casting: Dimensional Bullseye (safe; 1% risk of failure)
Confirm with . or Enter, or press ? or * to list all spells.
The dungeon shakes, a horrible noise fills the air, and a portal to some otherworldly place is opened!
Sigmund becomes momentarily stuck in the liquid earth. 😎 MP[-7]
You lost 7 mp, and now have 27/41 mp.
Unknown command.
Sigmund becomes momentarily stuck in the liquid earth.
You have escaped!

Skill      XL: |  1  2  3  4  5  6  7  8  9 10 11 12 13 14 15 16 17 18 19 20 21 22 23 24 25 |
---------------+----------------------------------------------------------------------------+-----
Ranged Weapons | 2 3 4 5 6 7 8 10 13 14 16 17 18 19 | 19.5
Fighting       | 3 4 6 7 8 9 11 15 19 20 22 23 24 | 24.9
Ice Magic      | 2 5 |  5.7
Spellcasting   | 3 4 6 9 11 | 11.5
Dodging        | 4 7 8 9 12 14 18 19 21 | 21.7
Hexes          | 4 7 11 | 11.7
Transmutations | 8 12 | 12.0
Conjurations   | 4 6 |  6.1
Stealth        | 4 |  4.0
Armour         | 4 |  4.0
Translocations | 1 3 5 10 | 10.2
Evocations     | 5 |  5.5
Earth Magic    | 3 |  3.8
Summonings     | 3 10 | 10.3
Fire Magic     | |  0.8

Action                     |  1- 3 |  4- 6 |  7- 9 | 10-12 | 13-15 | 16-18 | 19-21 | 22-24 | 25-27 || total
---------------------------+-------+-------+-------+-------+-------+-------+-------+-------+-------++-------
   Fire: Sling             |   106 |   202 |   438 |    89 |       |       |       |       |       ||   835
         Orcbow            |       |       |       |   551 |  1416 |  2019 |  1986 |  1939 |   174 ||  8085
  Throw: Dart              |       |       |       |     2 |       |       |       |       |       ||     2
   Cast: Jinxbite          |       |    10 |    37 |    25 |     4 |       |       |       |       ||    76
         Frozen Ramparts   |       |       |    18 |    24 |    15 |       |       |       |       ||    57
         Wereblood         |       |       |       |     1 |    17 |    16 |    10 |    13 |     1 ||    58
         Irradiate         |       |       |       |       |     5 |    13 |    18 |    16 |       ||    52
         Leda's Liquefacti |       |       |       |       |       |    17 |     8 |    21 |     1 ||    47
         Metabolic Englaci |       |       |       |       |       |     7 |     6 |     9 |       ||    22
         Cause Fear        |       |       |       |       |       |    10 |       |     6 |       ||    16
         Dimensional Bulls |       |       |       |       |       |    21 |    23 |    27 |     1 ||    72
         Yara's Violent Un |       |       |       |       |       |       |     2 |     3 |       ||     5
         Passage of Golubr |       |       |       |       |       |       |       |     6 |     1 ||     7
         Malign Gateway    |       |       |       |       |       |       |       |     5 |     4 ||     9
 Invoke: Curse Item        |       |     1 |     4 |     4 |     4 |     3 |       |     1 |       ||    17
         Shatter the Chain |       |       |     1 |     2 |     2 |     2 |     1 |       |       ||     8
  Evoke: Wand              |       |       |     6 |    10 |     2 |       |       |     1 |     4 ||    23
         Condenser vane    |       |       |       |       |       |       |     1 |     1 |       ||     2
         Box of beasts     |       |       |       |       |       |       |       |     1 |       ||     1
    Use: Scroll            |       |     6 |       |    13 |     3 |     5 |     2 |    12 |     2 ||    43
         Potion            |       |       |     1 |     1 |       |       |     1 |    11 |     5 ||    19
 Armour: Robe              |    37 |    56 |    53 |       |       |       |       |       |       ||   146
         Leather armour    |       |       |    92 |   180 |   266 |   225 |   230 |   307 |    50 ||  1350
  Dodge: Dodged            |    28 |    64 |   114 |   233 |   758 |  1245 |  1223 |  1437 |   209 ||  5311
         Repelled          |       |       |       |       |     9 |    12 |    18 |       |       ||    39
  Block: Buckler           |       |    26 |    91 |     6 |       |       |       |       |       ||   123

Levels and vault maps discovered:
D:1:      wander_arrival_peaceful_grave, layout_basic,
          shapermc_ecumenical_altar_mp_vishouse
D:2:      layout_basic, minivault_19, uniq_robin, uniq_jessica, uniq_terence
D:3:      layout_loops_ring, jmf_multi_god_temple,
          chequers_temple_overflow_statue_of_worship
D:4:      kennysheep_goblin_castle, layout_loops_cross, uniq_menkaure,
          uniq_sigmund
D:5:      layout_rooms, serial_shops, nicolae_shop_competitors_out_of_business,
          gammafunk_ghost_arena
D:6:      layout_layer_cave, minmay_temple_entry_mini_moons, serial_shops,
          nicolae_shop_advertising_works [nicolae_subvault_shop_adworks]
D:7:      layout_loops_ring, nicolae_vehumet_radiance
D:8:      layout_basic, eino_jars, uniq_jeremiah
D:9:      layout_roguey, nicolae_qazlal_general_emergency, enter_bailey_5,
          fountainhead, kennysheep_another_room
D:10:     layout_loops_ring, trog_ov_bears_minmay, grunt_dithmenos_smoke,
          uniq_grum, uniq_maurice, uniq_erica
D:11:     minmay_the_grid_octo_tiled_octocenter_mashed
          [minmay_the_grid_octo_teeth, minmay_the_grid_octo_horde,
          minmay_the_grid_octo_empty, minmay_the_grid_octo_clover_2,
          minmay_the_grid_octo_prize_ultimate_mussel_roller,
          minmay_the_grid_square_5x5_fancy_junction,
          minmay_the_grid_square_5x5_moneybag, minmay_the_grid_square_5x5_fat_x,
          minmay_the_grid_square_5x5_tie], layout_long_grid, orc_0_dummy,
          cheibriados_altar_1
D:12:     layout_basic
D:13:     regret_index_makhleb_lecture_halls, layout_loops_ring, uniq_urug,
          uniq_rupert, uniq_josephine, uniq_frances
D:14:     layout_rooms, lightli_vaults_fourway_checkpoint, enter_trove_2,
          nicolae_benzene_ring, nicolae_shop_dragon_depot,
          nemelex_xobeh_ov_fountains_minmay
D:15:     grunt_enter_depths_hoard, layout_irregular_city,
          chequers_decorated_corner, nzn_wu_jian_contemplation, uniq_roxanne
Lair:1:   layout_misc_corridors, serial_bayou_pond_a,
          chequers_serial_rivers_micro_d, uniq_harold
Lair:2:   layout_regular_city, shoals_dummy_entry, spider_nest_entry_a,
          chequers_serial_rivers_room_b, serial_bayou_shore_b,
          lemuel_fruit_tree, grunt_megastairs_5, uniq_gastronok
Lair:3:   layout_roguey, infiniplex_staircase_pool
Lair:4:   layout_misc_corridors, nicolae_slime_entry_field_trip,
          patterned_corridor, serial_bayou_shore_a
Lair:5:   hellmonk_lair_end_abyssal_woods, layout_gridlike, basic_altar,
          serial_bayou_shore_b
Shoals:1: gammafunk_sealed_arena, layout_shoals
Shoals:2: layout_shoals, gammafunk_ghost_wrathful_warriors
Shoals:3: layout_shoals, nicolae_shoals_water_booths
Shoals:4: shoals_end_grunt_garden, layout_shoals, hangedman_shoal_volcano,
          uniq_mara
Spider:1: layout_chambers
Spider:2: nicolae_spider_obnoxious_hallway
Spider:3: layout_chambers
Spider:4: hellmonk_spider_rune_endless_swarm, uniq_nikola
Slime:1:  layout_caves
Slime:2:  layout_caves
Slime:3:  layout_caves
Slime:4:  layout_caves, basic_altar
Slime:5:  slime_pit_nicolae_amoeboid
Orc:1:    layout_caves, serial_shops, shop_fountains, kennysheep_orc_sif_temple
Orc:2:    st_orc_open, layout_caves
Elf:1:    minmay_elf_arrival_circle, layout_geoelf_octagon, minmay_elf_sorcery
Elf:2:    nicolae_elf_blades_crystal_corner, layout_geoelf_octagon,
          serial_shops, nicolae_shop_behind_doors, lemuel_upstairs_altar
Elf:3:    elf_hall, layout_gridlike, serial_shops, nicolae_shop_waterfront
Vaults:1: hangedman_vaults_stream, nicolae_vaults_prndl,
          nicolae_vaults_sesquioval_fish, nicolae_vaults_closet_pinwheel_5,
          nicolae_vaults_turnstiles, nicolae_vaults_ninety_degrees,
          nicolae_vaults_variable_pillar_hall, nicolae_vaults_diamond_2,
          nicolae_vaults_two_Ls, v_misc_22, v_misc_5, layout_vaults_omnicross,
          serial_shops, nicolae_shop_pleasant_corner_grove
Vaults:2: minmay_crypt_entry_necro_gods, nicolae_vaults_fighting_squares,
          nicolae_vaults_house_1, nicolae_vaults_storage_room_glass,
          nicolae_vaults_little_squares_3, hangedman_vaults_stretched_pinwheel,
          nicolae_vaults_tetromino_L_2, nicolae_vaults_tetromino_L_2,
          grunt_vaults_funnel, v_misc_10, layout_vaults_omnigrid
Vaults:3: ontoclasm_vaults_ring_square, nicolae_vaults_network_star,
          nicolae_vaults_apartment_1, nicolae_vaults_mini_display_case,
          hangedman_vaults_nodes, dpeg_vaults_monster_box,
          hangedman_vaults_stitches, nicolae_vaults_border_crossing,
          nicolae_vaults_shipping_containers_1, nicolae_vaults_little_squares_6,
          nicolae_vaults_house_2, vaults_dpeg_emergency_exit,
          hangedman_vaults_corner_blocks, layout_vaults_omnibox, serial_shops,
          nicolae_shop_hallway_stairs
Vaults:4: gammafunk_ghost_spectres, nicolae_vaults_stepped_doors,
          hangedman_vaults_slice, v_pattern_4,
          hangedman_vaults_hard_town_square, nicolae_vaults_sesquioval_fish,
          vaults_room_hallway, nicolae_vaults_house_1, hangedman_vaults_slice,
          nicolae_vaults_mitosis, ontoclasm_vaults_misaligned,
          nicolae_vaults_tetromino_L_2, v_misc_15, layout_vaults_maze_bifur
Vaults:5: serial_shops
Depths:1: layout_roguey, enter_ziggurat_b, grunt_hell_entry_dis_grunt,
          abyss_entry_crystal, rand_demon_pan_entry_1, serial_bayou_lagoon_a,
          minmay_stone_trees_large, kennysheep_generic_room_10, uniq_sojobo
Depths:2: minmay_guarded_unrand_sceptre_of_torment, layout_cave_pools,
          abyss_entry, pf_dread_powers_of_hell, rand_demon_pan_entry_3,
          kennysheep_nub, serial_bayou_shore_b
Depths:3: nzn_winding_woodlands_small [nzn_winding_woodlands_5x15_twine,
          nzn_winding_woodlands_center_lodge,
          nzn_winding_woodlands_5x15_sidewinder], layout_cave_pools, hell_entry,
          abyss_entry, chequers_serial_rivers_small_3, minmay_shop_star
Depths:4: evilmike_zot_entry_diamond, layout_basic,
          chequers_serial_rivers_small_b, grunt_hell_entry_demonic_statue,
          uniq_xtahua
Zot:1:    layout_misc_corridors, skrybe_zot_glass_2, nicolae_diode_basic,
          grunt_megastairs_4, uniq_vv
Zot:2:    layout_misc_corridors, guppyfry_library_mini
Zot:3:    lemuel_draconian_sentries, layout_cathedral_of_symmetry,
          gammafunk_ghost_necromancy, regret_index_zotdec_stipple_waver
Zot:4:    layout_onion_interference, regret_index_zotdec_twisting_globes,
          lemuel_elevator
Zot:5:    layout_gridville, regret_index_zotdec_ex

Notes
Turn   | Place    | Note
-------+----------+-------------------------------------------
     0 | D:1      | MackTheKnife the Demonspawn Hexslinger began the quest for
                  | the Orb.
     0 | D:1      | Reached XP level 1. HP: 15/15 MP: 2/2
     0 | D:1      | magus.rc [v1.9.6]
    34 | D:1      | Reached skill level 2 in Ranged Weapons
    76 | D:1      | Gained mutation: You regenerate magic rapidly. [demonic
                  | ancestry]
    76 | D:1      | Reached XP level 2. HP: 21/21 MP: 3/3
   288 | D:1      | Found a faded altar of an unknown god.
   545 | D:1      | Learned a level 2 spell: Jinxbite
   638 | D:1      | Reached skill level 3 in Ranged Weapons
   893 | D:2      | Gained mutation: You have a pair of small antennae on your
                  | head. [demonic ancestry]
   893 | D:2      | Reached XP level 3. HP: 23/26 MP: 4/4
   996 | D:2      | Noticed Jessica
   999 | D:2      | Killed Jessica
  1046 | D:2      | Noticed Robin
  1277 | D:2      | Noticed Terence
  1376 | D:1      | Reached XP level 4. HP: 24/32 MP: 5/5
  1379 | D:1      | Reached skill level 4 in Ranged Weapons
  1509 | D:2      | You add the spells Kiss of Death, Freeze and Summon Small
                  | Mammal to your library.
  1509 | D:2      | Got Xocetis's Starting Witchcraft
  1637 | D:2      | You pick up a book of Frost and begin reading...
  1637 | D:2      | You add the spells Frozen Ramparts and Hailstorm to your
                  | library.
  1778 | D:2      | Killed Terence
  1985 | D:2      | Killed Robin
  2125 | D:3      | Found a shimmering blue altar of Sif Muna.
  2125 | D:3      | Found an ornate altar of the Wu Jian Council.
  2306 | D:3      | Reached XP level 5. HP: 38/38 MP: 4/6
  2358 | D:3      | Found a sacrificial altar of Ru.
  2371 | D:3      | Found a broken altar of Ashenzari.
  2371 | D:3      | Found a shimmering altar of Xom.
  2514 | D:3      | You pick up a book of Flames and begin reading...
  2514 | D:3      | You add the spells Sticky Flame and Flame Wave to your
                  | library.
  2618 | D:3      | Became a worshipper of Ashenzari the Shackled
  2668 | D:3      | Reached skill level 2 in Fighting
  2982 | D:4      | Reached skill level 5 in Ranged Weapons
  2986 | D:4      | Learned a level 3 spell: Frozen Ramparts
  3287 | D:4      | Noticed Menkaure
  3292 | D:4      | HP: 4/38 [Menkaure (15)]
  3295 | D:4      | Killed Menkaure
  3296 | D:4      | Reached skill level 3 in Fighting
  3296 | D:4      | Gained mutation: You are partially covered in thin metallic
                  | scales. (AC +2) [demonic ancestry]
  3296 | D:4      | Reached XP level 6. HP: 5/47 MP: 8/8
  3903 | D:4      | Noticed Sigmund
  4052 | D:4      | Noticed Ijyb
  4074 | D:4      | Killed Ijyb
  4200 | D:5      | Entered Level 5 of the Dungeon
  4223 | D:5      | Noticed a water moccasin
  4226 | D:5      | Reached skill level 6 in Ranged Weapons
  4226 | D:5      | Gained mutation: You are mostly covered in thin metallic
                  | scales. (AC +3) [demonic ancestry]
  4226 | D:5      | Reached XP level 7. HP: 36/52 MP: 7/9
  4318 | D:4      | Reached * piety under Ashenzari
  4351 | D:5      | Found a transporter.
  4564 | D:5      | Reached skill level 7 in Ranged Weapons
  4622 | D:5      | Noticed Mll's ghost (novice GrFi)
  4687 | D:5      | Reached skill level 1 in Ice Magic
  4716 | D:5      | Found Saklazon's Assorted Antiques.
  4731 | D:5      | Bought a diamond ring for 125 gold pieces
  4745 | D:5      | Found a transporter.
  4762 | D:5      | Bought 2 lumpy clear potions for 45 gold pieces
  4918 | D:6      | Reached skill level 2 in Ice Magic
  5039 | D:6      | Reached ** piety under Ashenzari
  5059 | D:6      | Found a staircase to the Ecumenical Temple.
  5139 | D:6      | Gained mutation: A weak demonic guardian rushes to your
                  | aid. [demonic ancestry]
  5139 | D:6      | Reached XP level 8. HP: 62/62 MP: 10/12
  5322 | D:6      | You pick up a book of Changes and begin reading...
  5322 | D:6      | You add the spells Wereblood and Irradiate to your library.
  5406 | D:6      | Reached skill level 3 in Ice Magic
  5438 | D:6      | Reached skill level 4 in Ice Magic
  5623 | D:6      | You pick up a book of the Senses and begin reading...
  5623 | D:6      | You add the spells Dazzling Flash, Agony and Silence to
                  | your library.
  5686 | D:6      | Found Ikhluf's Distillery.
  6098 | D:5      | Bought a glowing leather armour for 125 gold pieces
  6252 | D:7      | Reached skill level 5 in Ice Magic
  6403 | D:7      | Reached skill level 2 in Spellcasting
  6562 | D:7      | Found a radiant altar of Vehumet.
  6589 | D:7      | Reached *** piety under Ashenzari
  6609 | D:7      | Reached skill level 4 in Fighting
  6945 | D:7      | Reached skill level 3 in Spellcasting
  7100 | D:7      | Reached XP level 9. HP: 73/74 MP: 16/18
  7476 | D:8      | Reached skill level 2 in Dodging
  7692 | D:8      | Reached skill level 5 in Fighting
  7751 | D:8      | Noticed Jeremiah
  7864 | D:8      | Killed Jeremiah
  7865 | D:8      | Reached skill level 4 in Hexes
  8098 | D:8      | Reached skill level 3 in Dodging
  8099 | D:8      | Reached skill level 8 in Ranged Weapons
  8220 | D:9      | Found a flagged portal.
  8250 | Bailey   | Entered a bailey
  8276 | Bailey   | Reached skill level 6 in Fighting
  8329 | Bailey   | Reached skill level 4 in Dodging
  9139 | Bailey   | Gained mutation: You have a pair of antennae on your head.
                  | [demonic ancestry]
  9139 | Bailey   | Reached XP level 10. HP: 57/83 MP: 14/18
  9222 | Bailey   | Identified a scroll of acquirement
  9226 | Bailey   | Acquired 899 gold pieces
  9229 | Bailey   | Noticed an orc knight
  9357 | D:6      | Bought a potion of curing for 42 gold pieces
  9357 | D:6      | Bought a potion of curing for 42 gold pieces
  9357 | D:6      | Bought a potion of curing for 42 gold pieces
  9357 | D:6      | Bought a potion of cancellation for 112 gold pieces
  9473 | D:5      | Bought a potion of heal wounds for 125 gold pieces
  9473 | D:5      | Bought a fuming amethyst potion for 22 gold pieces
  9930 | D:9      | Reached skill level 5 in Dodging
  9937 | D:9      | Reached skill level 9 in Ranged Weapons
 10162 | D:9      | Found a stormy altar of Qazlal.
 10429 | D:10     | Entered Level 10 of the Dungeon
 10457 | D:10     | Noticed Maurice
 10465 | D:10     | Killed Maurice
 10571 | D:10     | Reached skill level 6 in Dodging
 10595 | D:10     | Found a bloodstained altar of Trog.
 10648 | D:10     | Reached skill level 10 in Ranged Weapons
 10791 | D:10     | Reached skill level 7 in Dodging
 10958 | D:10     | Noticed a two-headed ogre
 10971 | D:10     | Killed a two-headed ogre
 10972 | D:10     | Gained mutation: You are completely covered in thin
                  | metallic scales. (AC +4, rElec) [demonic ancestry]
 10972 | D:10     | Reached XP level 11. HP: 79/87 MP: 14/18
 11019 | D:10     | Noticed Erica
 11027 | D:10     | Killed Erica
 11052 | D:10     | You pick up a book of Unlife and begin reading...
 11052 | D:10     | You add the spells Animate Dead, Borgnjor's Vile Clutch and
                  | Death Channel to your library.
 11081 | D:10     | magus.rc [v1.9.6]
 11165 | D:10     | Noticed Grum
 11174 | D:10     | Killed Grum
 11175 | D:10     | Reached skill level 8 in Dodging
 11262 | D:10     | Found a shadowy altar of Dithmenos.
 11455 | D:11     | Reached skill level 11 in Ranged Weapons
 11572 | D:11     | Found a snail-covered altar of Cheibriados.
 11655 | D:11     | You pick up a book of Flames and begin reading...
 11780 | D:11     | Noticed a two-headed ogre
 11783 | D:11     | Noticed a tengu warrior
 11816 | D:10     | magus.rc [v1.9.6]
 11912 | D:11     | Noticed a seven-headed hydra
 11913 | D:11     | Noticed a boulder beetle
 11938 | D:11     | Noticed a boulder beetle
 11964 | D:11     | Killed a boulder beetle
 11965 | D:11     | Reached skill level 7 in Fighting
 11983 | D:11     | Found a staircase to the Lair.
 11996 | D:11     | Noticed a two-headed ogre
 12006 | D:11     | Killed a two-headed ogre
 12007 | D:11     | Reached skill level 12 in Ranged Weapons
 12015 | Lair:1   | Entered Level 1 of the Lair of Beasts
 12015 | Lair:1   | Noticed Harold
 12025 | Lair:1   | Killed Harold
 12105 | Lair:1   | Reached skill level 13 in Ranged Weapons
 12105 | Lair:1   | Reached XP level 12. HP: 74/97 MP: 9/19
 12825 | Lair:1   | Learned a level 2 spell: Wereblood
 12838 | Lair:2   | Reached skill level 1 in Transmutations
 12912 | Lair:2   | Reached skill level 2 in Transmutations
 12928 | Lair:2   | Reached skill level 3 in Transmutations
 13112 | Lair:2   | Noticed Gastronok
 13126 | Lair:2   | Killed Gastronok
 13127 | Lair:2   | Reached skill level 8 in Fighting
 13127 | Lair:2   | Reached skill level 4 in Transmutations
 13268 | Lair:2   | Reached skill level 5 in Transmutations
 13315 | Lair:2   | Found a hole to the Spider Nest.
 13316 | Lair:2   | Reached **** piety under Ashenzari
 13439 | Lair:2   | Found a staircase to the Shoals.
 13483 | Lair:2   | Reached skill level 6 in Transmutations
 13796 | Lair:3   | Reached skill level 9 in Dodging
 13875 | Lair:3   | Reached skill level 7 in Transmutations
 14029 | Lair:3   | Reached skill level 8 in Transmutations
 14194 | Lair:3   | Noticed a boulder beetle
 14208 | Lair:3   | Killed a boulder beetle
 14449 | Lair:4   | Reached XP level 13. HP: 100/109 MP: 23/23
 14544 | Lair:4   | Reached skill level 9 in Transmutations
 14548 | Lair:4   | Reached skill level 10 in Dodging
 14556 | Lair:4   | Found a viscous altar of Jiyva.
 14578 | Lair:4   | Found a staircase to the Slime Pits.
 14697 | Lair:4   | You pick up a book of Sloth and begin reading...
 14697 | Lair:4   | You add the spells Petrify and Metabolic Englaciation to
                  | your library.
 14791 | Lair:4   | Reached skill level 10 in Transmutations
 15145 | Lair:5   | Entered Level 5 of the Lair of Beasts
 15350 | Lair:5   | Reached skill level 11 in Transmutations
 15363 | Lair:5   | Reached skill level 11 in Dodging
 15456 | Lair:5   | You add the spells Sting, Poisonous Vapours and Olgreb's
                  | Toxic Radiance to your library.
 15586 | Lair:5   | Found an ornate altar of the Wu Jian Council.
 15645 | Lair:5   | Learned a level 5 spell: Irradiate
 15843 | Lair:5   | Reached skill level 1 in Conjurations
 15896 | Lair:5   | Reached skill level 12 in Transmutations
 15915 | Lair:5   | Reached skill level 2 in Conjurations
 16067 | Lair:5   | Reached skill level 3 in Conjurations
 16330 | Lair:5   | Reached skill level 4 in Conjurations
 16529 | D:11     | Reached skill level 12 in Dodging
 16548 | D:11     | Reached XP level 14. HP: 93/116 MP: 24/24
 16591 | D:11     | Identified the +5 scale mail of Ijad Kun {-Cast Rampage
                  | Regen+}
 16593 | D:11     | Reached skill level 5 in Conjurations
 16620 | D:11     | Reached skill level 6 in Conjurations
 16757 | D:11     | Reached skill level 1 in Stealth
 16799 | D:11     | Reached skill level 1 in Armour
 16874 | D:11     | Identified the +6 orcbow of Otummowu {drain, *Corrode rF+
                  | Dex+9 Stlth+}
 16874 | D:11     | Identified the ring of the Imp {rElec rC+ Will+ Dex+5}
 16885 | D:11     | Paralysed by an ogre mage for 4 turns
 16899 | D:11     | Reached skill level 2 in Stealth
 16902 | D:11     | Reached skill level 2 in Armour
 16902 | D:11     | Reached skill level 4 in Spellcasting
 17140 | D:11     | You pick up a book of the Spheres and begin reading...
 17140 | D:11     | You add the spells Brom's Barrelling Boulder, Iskenderun's
                  | Battlesphere, Fireball, Conjure Ball Lightning and Orb of
                  | Destruction to your library.
 17145 | D:11     | You pick up a book of the Moon and begin reading...
 17145 | D:11     | You add the spells Passage of Golubria and Lehudib's
                  | Crystal Spear to your library.
 17243 | D:11     | a kobold comes into view. It is wielding a +2 hand axe of
                  | flaming and wearing the amulet of the Air {Inacc Air Fly
                  | rElec RMsl}.
 17365 | D:11     | Found a staircase to the Orcish Mines.
 17377 | D:11     | Reached skill level 3 in Stealth
 17528 | Orc:1    | Entered Level 1 of the Orcish Mines
 17585 | Orc:1    | Reached skill level 3 in Armour
 17813 | Orc:2    | Entered Level 2 of the Orcish Mines
 17842 | Orc:2    | Reached skill level 4 in Stealth
 17844 | Orc:2    | Reached skill level 4 in Armour
 18074 | Orc:2    | Found Osofoacs's Book Boutique.
 18114 | Orc:2    | Reached skill level 9 in Fighting
 18145 | Orc:2    | Reached skill level 14 in Ranged Weapons
 18346 | Orc:2    | Found Furrerph's Jewellery Shoppe.
 18360 | Orc:2    | Found Sumic's Antique Weapon Shop.
 18361 | Orc:2    | Found Okasath's Book Boutique.
 18444 | Orc:2    | Reached ***** piety under Ashenzari
 18608 | Orc:2    | Found a staircase to the Elven Halls.
 19013 | Orc:1    | Found Ypniw's Assorted Antiques.
 19021 | Orc:1    | Bought 3 scrolls of teleportation for 225 gold pieces
 19021 | Orc:1    | Bought a potion of haste for 250 gold pieces
 19147 | Orc:1    | Found a shimmering blue altar of Sif Muna.
 19263 | Orc:2    | Bought the ring "Eteiroac" {Wiz Dex+7} for 620 gold pieces
 19270 | Orc:2    | Learned a level 4 spell: Cause Fear
 19275 | Orc:2    | Learned a level 4 spell: Dimensional Bullseye
 19624 | D:12     | Reached skill level 1 in Translocations
 19637 | D:12     | Gained mutation: When hurt, damage is shared between your
                  | health and your magic reserves. [demonic ancestry]
 19637 | D:12     | Reached XP level 15. HP: 104/124 MP: 26/26
 20106 | D:13     | Reached skill level 10 in Fighting
 20184 | D:13     | Identified the +9 morningstar of Analysis {drain, Dex+3}
 20308 | D:13     | Noticed Rupert
 20319 | D:13     | Killed Rupert
 20320 | D:13     | Reached skill level 2 in Translocations
 20324 | D:13     | Noticed Urug
 20326 | D:13     | Killed Urug
 20367 | D:13     | Found a burning altar of Makhleb.
 20410 | D:13     | Identified the +1 demon blade of Tiopt {drain, +Blink Dex-4
                  | Stlth+}
 20431 | D:13     | Noticed Josephine
 20482 | D:13     | Killed Josephine
 20597 | D:13     | Reached skill level 3 in Translocations
 20643 | D:13     | Reached skill level 13 in Dodging
 20818 | D:13     | Noticed Frances
 20838 | D:13     | Killed Frances
 20953 | D:13     | Reached skill level 11 in Fighting
 20953 | D:13     | Noticed an Executioner
 21205 | D:14     | Found a sparkling altar of Nemelex Xobeh.
 21358 | D:14     | Found a gate to the Vaults.
 22015 | D:14     | Found Vahagn's Dragon-Slaying Spoils.
 22044 | D:14     | Found a portal to a secret trove of treasure.
 22174 | D:15     | Entered Level 15 of the Dungeon
 22187 | D:15     | Reached skill level 14 in Dodging
 22239 | D:15     | Found an ornate altar of the Wu Jian Council.
 22304 | D:15     | Found a staircase to the Depths.
 22359 | D:15     | Noticed Roxanne
 22385 | D:15     | Killed Roxanne
 22386 | D:15     | Gained mutation: You have a pair of large antennae on your
                  | head. (SInv) [demonic ancestry]
 22386 | D:15     | Reached XP level 16. HP: 134/134 MP: 26/26
 23117 | Lair:1   | magus.rc [v1.9.6]
 23190 | Spider:1 | Entered Level 1 of the Spider Nest
 23192 | Spider:1 | Reached ****** piety under Ashenzari
 23238 | Spider:1 | Reached skill level 1 in Evocations
 23249 | Spider:1 | Reached skill level 2 in Evocations
 23321 | Spider:1 | Reached skill level 3 in Evocations
 23479 | Spider:1 | Reached skill level 4 in Evocations
 24373 | Spider:1 | magus.rc [v1.9.6]
 24499 | Spider:2 | Identified the +0 scale mail of the Sandy God {rElec rC+}
 24527 | Spider:2 | Reached skill level 5 in Evocations
 24643 | Spider:2 | Learned a level 5 spell: Metabolic Englaciation
 24744 | Spider:2 | Reached skill level 5 in Spellcasting
 24943 | Spider:2 | Reached skill level 6 in Spellcasting
 25481 | Orc:2    | Bought a book of the Earth for 504 gold pieces
 25481 | Orc:2    | You pick up a book of the Earth and begin reading...
 25481 | Orc:2    | You add the spells Leda's Liquefaction, Lee's Rapid
                  | Deconstruction and Bombard to your library.
 25486 | Orc:2    | Learned a level 4 spell: Leda's Liquefaction
 25824 | Spider:3 | Reached skill level 1 in Earth Magic
 25906 | Spider:3 | Reached skill level 2 in Earth Magic
 26034 | Spider:3 | Upgraded the game from 0.31-a0-1101-g9ad1905e61 to
                  | 0.31-a0-1104-g3bd3108e02
 26034 | Spider:3 | magus.rc [v1.9.6]
 26061 | Spider:3 | Reached skill level 3 in Earth Magic
 26366 | Spider:3 | Reached skill level 5 in Hexes
 26782 | Spider:3 | Reached skill level 6 in Hexes
 27272 | Spider:4 | Entered Level 4 of the Spider Nest
 27476 | Spider:4 | Reached skill level 7 in Hexes
 27480 | Spider:4 | Gained mutation: A demonic guardian rushes to your aid.
                  | [demonic ancestry]
 27480 | Spider:4 | Reached XP level 17. HP: 137/142 MP: 23/31
 27721 | Spider:4 | You pick up a book of Changes and begin reading...
 27734 | Spider:4 | Reached skill level 8 in Hexes
 27748 | Spider:4 | Noticed Nikola
 27768 | Spider:4 | Killed Nikola
 27813 | Spider:4 | Reached skill level 9 in Hexes
 28087 | Spider:4 | Reached skill level 10 in Hexes
 28522 | Spider:4 | Reached skill level 11 in Hexes
 28725 | Spider:4 | Identified the +1 pair of boots of Dishonour {Contam rF+
                  | rN+++ Will++}
 28740 | Spider:4 | Got a gossamer rune of Zot
 28951 | Shoals:1 | Entered Level 1 of the Shoals
 28959 | Shoals:1 | Reached skill level 15 in Ranged Weapons
 29258 | Shoals:1 | Identified the ring "Gint" {rPois rN+ MP+9 Dex+2}
 29259 | Shoals:1 | Found a transporter.
 29259 | Shoals:1 | Found a transporter.
 29259 | Shoals:1 | Identified the amulet of Etyxtuli {Fly Regen+}
 29902 | Shoals:2 | Found a transporter.
 29903 | Shoals:2 | Found a bloodstained altar of Trog.
 29904 | Shoals:2 | Noticed Ciuzocro's ghost (adept GnFi)
 29920 | Shoals:2 | Found a transporter.
 30340 | Shoals:2 | Reached skill level 16 in Ranged Weapons
 31017 | Shoals:3 | Reached XP level 18. HP: 146/146 MP: 20/30
 31462 | Shoals:4 | Entered Level 4 of the Shoals
 31750 | Shoals:4 | Reached skill level 17 in Ranged Weapons
 32001 | Shoals:4 | Got a barnacled rune of Zot
 32096 | Shoals:4 | Noticed Mara
 32120 | Shoals:4 | Killed Mara
 32311 | Shoals:4 | Reached skill level 12 in Fighting
 32351 | Shoals:4 | You pick up a book of Blasting and begin reading...
 32351 | Shoals:4 | You add the spells Volatile Blastmotes, Fulminant Prism and
                  | Iskenderun's Mystic Blast to your library.
 32462 | Shoals:4 | You pick up a book of Debilitation and begin reading...
 32462 | Shoals:4 | You add the spells Slow, Vampiric Draining and Confusing
                  | Touch to your library.
 33003 | Vaults:1 | Entered Level 1 of the Vaults
 33246 | Vaults:1 | Reached skill level 13 in Fighting
 33260 | Vaults:1 | Found Coacoir's Antique Weapon Shoppe.
 33689 | Vaults:1 | Reached skill level 14 in Fighting
 34246 | Vaults:1 | Reached skill level 15 in Fighting
 34267 | Vaults:1 | Gained mutation: Your hexes are more powerful. [demonic
                  | ancestry]
 34267 | Vaults:1 | Reached XP level 19. HP: 150/161 MP: 28/31
 34854 | Vaults:1 | magus.rc [v1.9.6]
 35055 | Elf:1    | Entered Level 1 of the Elven Halls
 35373 | Elf:1    | Reached skill level 16 in Fighting
 35699 | Elf:1    | Identified the Parchment of Fulmination
 35707 | Elf:1    | You add the spells Shock and Fire Storm to your library.
 36082 | Elf:2    | Found Tymel's Book Shop.
 36280 | Elf:2    | Reached skill level 17 in Fighting
 36469 | Elf:2    | Found a runed translucent gate.
 36470 | Elf:2    | Found a runed translucent gate.
 36470 | Elf:2    | Found a runed translucent gate.
 36513 | Elf:3    | Entered Level 3 of the Elven Halls
 36563 | Elf:2    | Found a shimmering blue altar of Sif Muna.
 36821 | Elf:3    | Found Fun Gowk's Weapon Emporium.
 37207 | Elf:3    | magus.rc [v1.9.6]
 37261 | Elf:3    | Reached skill level 18 in Fighting
 37275 | Elf:3    | Identified the +7 chain mail "Sati" {Will+ Int+3}
 37451 | Elf:3    | Gained mutation: You have hidden genetic potential. [a
                  | neqoxec]
 37454 | Elf:3    | Noticed a Tzitzimitl
 37528 | Elf:3    | Identified the +0 scimitar of Kindness {heavy, Dex+4}
 37540 | Elf:3    | Reached skill level 19 in Fighting
 37548 | Elf:3    | Identified the ring of Kofuskir {Fly rPois Str+2 Dex-3}
 37723 | Elf:3    | Gained mutation: A powerful demonic guardian rushes to your
                  | aid. [demonic ancestry]
 37723 | Elf:3    | Reached XP level 20. HP: 180/180 MP: 32/32
 37728 | Elf:3    | Identified the Tome of the Coals and Vicissitude
 37728 | Elf:3    | Identified the +2 barding of a bailey {rPois Int+3}
 37729 | Elf:3    | Identified Guvan's Treatise on the Cure
 37738 | Elf:3    | You pick up a book of Callings and begin reading...
 37738 | Elf:3    | You add the spells Call Canine Familiar and Summon Guardian
                  | Golem to your library.
 37787 | Elf:3    | Identified the quicksilver dragon scales "Ehom" {+Inv Will+
                  | Stlth+}
 37794 | Elf:3    | X - the quicksilver dragon scales "Ehom" {+Inv Will+
                  | Stlth+, rare}
 37797 | Elf:3    | You drop the quicksilver dragon scales "Ehom" {+Inv Will+
                  | Stlth+, rare}.
 38074 | Vaults:2 | Reached skill level 15 in Dodging
 38652 | Vaults:2 | Reached skill level 16 in Dodging
 38907 | Vaults:2 | Reached skill level 17 in Dodging
 38923 | Vaults:2 | You pick up a book of the Wilderness and begin reading...
 38923 | Vaults:2 | You add the spells Summon Forest, Summon Mana Viper and
                  | Summon Cactus Giant to your library.
 39101 | Vaults:2 | Found a staircase to the Crypt.
 39101 | Vaults:2 | Found a basalt altar of Yredelemnul.
 39133 | Vaults:2 | Found an ancient bone altar of Kikubaaqudgha.
 39559 | Vaults:3 | Reached skill level 18 in Dodging
 39741 | Vaults:3 | Reached skill level 7 in Spellcasting
 39799 | Vaults:3 | Found Ruggeoge's Distillery.
 39807 | Vaults:3 | Bought a potion of heal wounds for 90 gold pieces
 39807 | Vaults:3 | Bought a potion of heal wounds for 90 gold pieces
 39807 | Vaults:3 | Bought a potion of cancellation for 144 gold pieces
 40558 | Vaults:3 | Reached skill level 8 in Spellcasting
 40623 | Vaults:3 | Gained mutation: You have large cloven feet. [hidden
                  | potential]
 40996 | Vaults:3 | You pick up a book of Alchemy and begin reading...
 41219 | Vaults:4 | Reached skill level 20 in Fighting
 41314 | Vaults:4 | Reached skill level 9 in Spellcasting
 41315 | Vaults:4 | Gained mutation: Your melee attacks may debilitate your
                  | foes. [demonic ancestry]
 41315 | Vaults:4 | Reached XP level 21. HP: 156/190 MP: 14/36
 41465 | Vaults:4 | Found Xuph's Assorted Antiques.
 41465 | Vaults:4 | Found Dami's Book Shop.
 41465 | Vaults:4 | Found Delisos's Magic Scroll Shop.
 41473 | Vaults:4 | Bought Great Wizards, Vol. VII for 420 gold pieces
 41473 | Vaults:4 | You add the spells Tukima's Dance and Yara's Violent
                  | Unravelling to your library.
 41479 | Vaults:4 | Learned a level 5 spell: Yara's Violent Unravelling
 41483 | Vaults:4 | Identified the +2 robe of Kitiz {Will+ Str+6 Dex-4}
 41489 | Vaults:4 | Bought 2 potions of heal wounds for 280 gold pieces
 41763 | Vaults:4 | You pick up a book of Spectacle and begin reading...
 41763 | Vaults:4 | You add the spells Starburst and Maxwell's Capacitive
                  | Coupling to your library.
 41859 | Vaults:4 | Found a runed translucent gate.
 41859 | Vaults:4 | Found a runed translucent gate.
 41859 | Vaults:4 | Found a runed translucent gate.
 41860 | Vaults:4 | Noticed Heidiaz's ghost (adept MfBe)
 41973 | Vaults:4 | Identified +0 gold dragon scales
 42342 | Vaults:4 | Reached skill level 21 in Fighting
 43322 | D:15     | magus.rc [v1.9.6]
 43358 | Depths:1 | Entered Level 1 of the Depths
 43550 | Depths:1 | Found a gateway to Hell.
 43556 | Depths:1 | You pick up a book of Winter and begin reading...
 43556 | Depths:1 | You add the spells Ozocubu's Armour and Simulacrum to your
                  | library.
 43627 | Depths:1 | Found a one-way gateway to a ziggurat.
 43665 | Depths:1 | Noticed Sojobo
 43677 | Depths:1 | Killed Sojobo
 43901 | Depths:1 | Reached skill level 22 in Fighting
 44128 | Depths:1 | Gained mutation: You have sharp fingernails. [hidden
                  | potential]
 44128 | Depths:1 | Lost mutation: You have hidden genetic potential. [hidden
                  | potential expressed]
 44202 | Depths:1 | Found a one-way gate to the infinite horrors of the Abyss.
 44262 | Depths:1 | Found a one-way gate leading to the halls of Pandemonium.
 44681 | Vaults:4 | Bought a Grand Grimoire for 476 gold pieces
 44681 | Vaults:4 | You add the spells Malign Gateway and Summon Horrible
                  | Things to your library.
 44689 | Vaults:4 | Learned a level 7 spell: Malign Gateway
 44947 | Depths:2 | Reached skill level 1 in Summonings
 44974 | Depths:2 | Reached skill level 2 in Summonings
 44976 | Depths:2 | Reached skill level 4 in Translocations
 45134 | Depths:2 | Reached skill level 3 in Summonings
 45284 | Depths:2 | Reached skill level 5 in Translocations
 45462 | Depths:2 | Noticed a royal mummy
 45465 | Depths:2 | Reached XP level 22. HP: 204/204 MP: 32/37
 45477 | Depths:2 | Killed a royal mummy
 45478 | Depths:2 | Reached skill level 4 in Summonings
 45537 | Depths:2 | Noticed a royal mummy
 45553 | Depths:2 | Killed a royal mummy
 45555 | Depths:2 | Noticed a royal mummy
 45664 | Depths:2 | Killed a royal mummy
 45764 | Depths:2 | Found the +7 sceptre of Torment {pain, torment}
 45845 | Depths:2 | magus.rc [v1.9.6]
 45876 | Depths:3 | Reached skill level 5 in Summonings
 45913 | Depths:3 | Reached skill level 6 in Translocations
 46036 | Depths:3 | Reached skill level 6 in Summonings
 46109 | Depths:3 | Found Reututit's Distillery.
 46111 | Depths:3 | Found Hoism's Antique Armour Emporium.
 46113 | Depths:3 | Found Anad's Book Shoppe.
 46117 | Depths:3 | Bought 2 potions of heal wounds for 160 gold pieces
 46117 | Depths:3 | Bought a potion of mutation for 128 gold pieces
 46117 | Depths:3 | Bought a potion of invisibility for 128 gold pieces
 46168 | Depths:3 | Reached skill level 7 in Translocations
 46270 | Depths:3 | You add the spells Gell's Gravitas, Teleport Other and
                  | Dispersal to your library.
 46415 | Depths:3 | Reached skill level 7 in Summonings
 46455 | Depths:3 | You pick up a book of Dangerous Friends and begin
                  | reading...
 46556 | Depths:3 | Acquired the ring of Zobrais {*Corrode rPois rF+ rN++ MP+9}
 46756 | Depths:4 | Entered Level 4 of the Depths
 46856 | Depths:4 | Reached skill level 8 in Translocations
 46859 | Depths:4 | Noticed a caustic shrike
 46862 | Depths:4 | Noticed a caustic shrike
 46864 | Depths:4 | Noticed a caustic shrike
 46866 | Depths:4 | Noticed a caustic shrike
 46872 | Depths:4 | Killed a caustic shrike
 46879 | Depths:4 | Killed a caustic shrike
 46880 | Depths:4 | Reached skill level 8 in Summonings
 46892 | Depths:4 | Killed a caustic shrike
 46901 | Depths:4 | Killed a caustic shrike
 46938 | Depths:4 | +0 shadow dragon scales {rare}; a shadow dragon corpse
 47062 | Depths:4 | Noticed a golden dragon
 47067 | Depths:4 | Noticed a caustic shrike
 47070 | Depths:4 | Killed a golden dragon
 47074 | Depths:4 | Noticed a golden dragon
 47076 | Depths:4 | Killed a caustic shrike
 47081 | Depths:4 | +0 shadow dragon scales {rare}; a shadow dragon skeleton
 47090 | Depths:4 | Killed a golden dragon
 47090 | Depths:4 | Identified +0 gold dragon scales
 47091 | Depths:4 | Reached skill level 9 in Translocations
 47098 | Depths:4 | Reached skill level 9 in Summonings
 47111 | Depths:4 | +0 shadow dragon scales {rare}; a shadow dragon skeleton
 47136 | Depths:4 | Noticed a caustic shrike
 47138 | Depths:4 | Noticed a caustic shrike
 47140 | Depths:4 | Noticed a caustic shrike
 47142 | Depths:4 | Noticed a caustic shrike
 47145 | Depths:4 | Noticed a caustic shrike
 47151 | Depths:4 | Killed a caustic shrike
 47152 | Depths:4 | Killed a caustic shrike
 47158 | Depths:4 | Killed a caustic shrike
 47165 | Depths:4 | Killed a caustic shrike
 47167 | Depths:4 | Killed a caustic shrike
 47434 | Depths:4 | Noticed Xtahua
 47449 | Depths:4 | Killed Xtahua
 47450 | Depths:4 | Reached skill level 10 in Summonings
 47495 | Depths:4 | Reached skill level 10 in Translocations
 47805 | Depths:4 | Found a gate to the Realm of Zot.
 48251 | Vaults:5 | Entered Level 5 of the Vaults
 48310 | Vaults:5 | Reached XP level 23. HP: 211/211 MP: 39/39
 48349 | Vaults:5 | Reached skill level 10 in Spellcasting
 48417 | Vaults:5 | Identified the ring of the Wizarding Lives {MP+9 Dex+2}
 48450 | Vaults:5 | Reached skill level 11 in Spellcasting
 48455 | Vaults:5 | Noticed a dread lich
 48466 | Vaults:5 | Killed a dread lich
 48473 | Vaults:5 | Noticed a dread lich
 48486 | Vaults:5 | Killed a dread lich
 48569 | Vaults:5 | Identified the +1 chain mail "Kypt" {Contam rC+ rCorr}
 48588 | Vaults:5 | Learned a level 6 spell: Dispersal
 48597 | Vaults:5 | Learned a level 4 spell: Passage of Golubria
 48641 | Vaults:5 | Noticed an ancient lich
 48651 | Vaults:5 | Killed an ancient lich
 48774 | Vaults:5 | Reached skill level 23 in Fighting
 48854 | Vaults:5 | Reached skill level 19 in Dodging
 48908 | Vaults:5 | Noticed a dread lich
 48926 | Vaults:5 | Killed a dread lich
 48988 | Vaults:5 | You pick up a book of Spatial Translocations and begin
                  | reading...
 48988 | Vaults:5 | You add the spells Blink, Momentum Strike and Lesser
                  | Beckoning to your library.
 49206 | Vaults:5 | Noticed a dread lich
 49229 | Vaults:5 | Killed a dread lich
 49526 | Vaults:5 | You pick up a book of Geomancy and begin reading...
 49526 | Vaults:5 | You add the spells Sandblast, Passwall and Stone Arrow to
                  | your library.
 49535 | Vaults:5 | Got a silver rune of Zot
 50259 | Slime:1  | Entered Level 1 of the Pits of Slime
 50381 | Slime:3  | Reached XP level 24. HP: 220/223 MP: 40/41
 50510 | Slime:5  | Entered Level 5 of the Pits of Slime
 50636 | Slime:5  | Identified the +5 chain mail of Imuylep {Dex+3}
 50654 | Slime:5  | Noticed the Royal Jelly
 50660 | Slime:5  | Reached skill level 24 in Fighting
 50675 | Slime:5  | Killed the Royal Jelly
 50676 | Slime:5  | Reached skill level 20 in Dodging
 50801 | Slime:5  | Identified Soutiow's Elucidation of the Retinue
 50811 | Slime:5  | Found the ring of Shadows {Umbra +Inv Stlth+}
 50815 | Slime:5  | You add the spells Summon Lightning Spire and Dragon's Call
                  | to your library.
 50819 | Slime:5  | Identified the +5 short sword of Gluttony {protect, Str+5}
 50843 | Slime:5  | You pick up a book of Displacement and begin reading...
 50852 | Slime:5  | Got a slimy rune of Zot
 50864 | Slime:5  | Identified the +0 leather armour of the Old World {Int+4
                  | Slay+2}
 50866 | Slime:5  | Identified the +3 sling of Ipse Dixit {speed, Str+5 Stlth+}
 50871 | Slime:5  | You pick up a book of Geomancy and begin reading...
 50917 | Slime:5  | You pick up a book of the Wilderness and begin reading...
 51209 | Depths:3 | +0 shadow dragon scales {rare}; a +4 battleaxe of freezing
                  | {axe}; a +2 great sword of flaming {long}
 51252 | Zot:1    | Entered Level 1 of the Realm of Zot
 51472 | Zot:1    | Noticed a curse toe
 51666 | Depths:4 | Killed a curse toe
 51935 | Zot:1    | Found a transporter.
 52578 | Zot:4    | Noticed an electric golem
 52590 | Zot:4    | Killed an electric golem
 52593 | Zot:5    | Entered Level 5 of the Realm of Zot
 52920 | Zot:5    | Identified +0 gold dragon scales
 52921 | Zot:5    | Reached skill level 21 in Dodging
 52924 | Zot:5    | +0 gold dragon scales {rare}; a golden dragon corpse
 53085 | Zot:5    | Noticed a dread lich
 53094 | Zot:5    | Killed a dread lich
 53112 | Zot:5    | Noticed an orb of fire
 53124 | Zot:5    | Noticed a Killer Klown
 53141 | Zot:5    | Killed an orb of fire
 53148 | Zot:5    | Noticed an orb of fire
 53240 | Zot:5    | Noticed an electric golem
 53244 | Zot:5    | Noticed an orb of fire
 53256 | Zot:5    | Killed an electric golem
 53258 | Zot:5    | Killed an orb of fire
 53266 | Zot:5    | Gained mutation: Your magical capacity is low. (-10% MP)
                  | [an orb of fire]
 53273 | Zot:5    | Gained mutation: You sometimes lose your temper in combat.
                  | [an orb of fire]
 53276 | Zot:5    | Killed an orb of fire
 53280 | Zot:5    | Noticed an orb of fire
 53284 | Zot:5    | Noticed an orb of fire
 53288 | Zot:5    | Gained mutation: Your body sometimes deteriorates upon
                  | taking damage. [an orb of fire]
 53289 | Zot:5    | Gained mutation: You occasionally lose the ability to drink
                  | potions when taking damage. [an orb of fire]
 53296 | Zot:5    | Noticed a Killer Klown
 53328 | Zot:5    | Killed a Killer Klown
 53329 | Zot:5    | Lost mutation: You have large cloven feet. [potion of
                  | mutation]
 53329 | Zot:5    | Lost mutation: You sometimes lose your temper in combat.
                  | [potion of mutation]
 53329 | Zot:5    | Lost mutation: Your body sometimes deteriorates upon taking
                  | damage. [potion of mutation]
 53329 | Zot:5    | Gained mutation: You occasionally lose the ability to read
                  | scrolls when taking damage. [potion of mutation]
 53330 | Zot:5    | Lost mutation: You have sharp fingernails. [potion of
                  | mutation]
 53330 | Zot:5    | Lost mutation: Your magical capacity is low. (-10% MP)
                  | [potion of mutation]
 53330 | Zot:5    | Gained mutation: You possess an exceptional clarity of
                  | mind. [potion of mutation]
 53330 | Zot:5    | Gained mutation: You are agile. (Dex +4, Str/Int -1)
                  | [potion of mutation]
 53331 | Zot:5    | Lost mutation: You occasionally lose the ability to drink
                  | potions when taking damage. [potion of mutation]
 53331 | Zot:5    | Lost mutation: You are agile. (Dex +4, Str/Int -1) [potion
                  | of mutation]
 53331 | Zot:5    | Lost mutation: You possess an exceptional clarity of mind.
                  | [potion of mutation]
 53331 | Zot:5    | Gained mutation: You have hidden genetic defects. [potion
                  | of mutation]
 53331 | Zot:5    | Lost mutation: You have hidden genetic defects. [potion of
                  | mutation]
 53332 | Zot:5    | Lost mutation: You occasionally lose the ability to read
                  | scrolls when taking damage. [potion of mutation]
 53332 | Zot:5    | Gained mutation: You are agile. (Dex +4, Str/Int -1)
                  | [potion of mutation]
 53332 | Zot:5    | Gained mutation: You are strong-willed. (Will+) [potion of
                  | mutation]
 53332 | Zot:5    | Gained mutation: Your system is resistant to poisons.
                  | (rPois) [potion of mutation]
 53370 | Zot:5    | Noticed a Killer Klown
 53388 | Zot:5    | Killed an orb of fire
 53389 | Zot:5    | Reached skill level 18 in Ranged Weapons
 53389 | Zot:5    | Killed a Killer Klown
 53472 | Zot:5    | Noticed an orb of fire
 53485 | Zot:5    | Gained mutation: You are weak. (Str -2) [an orb of fire]
 53488 | Zot:5    | Killed an orb of fire
 53489 | Zot:5    | Gained mutation: You are surrounded by an aura of silence.
                  | [demonic ancestry]
 53489 | Zot:5    | Reached XP level 25. HP: 188/234 MP: 28/41
 53575 | Zot:5    | Noticed an orb of fire
 53595 | Zot:5    | Gained mutation: Your body sometimes deteriorates upon
                  | taking damage. [an orb of fire]
 53597 | Zot:5    | Killed an orb of fire
 53601 | Zot:5    | Killed a Killer Klown
 53663 | Zot:5    | Killed an orb of fire
 53864 | Zot:5    | Reached skill level 19 in Ranged Weapons
 53874 | Zot:5    | Got the Orb of Zot
 53883 | Zot:5    | Noticed a Killer Klown
 53955 | Zot:5    | Noticed a seraph
 54101 | Depths:3 | Noticed Jalicic the pandemonium lord
 54201 | D:14     | Noticed Fusteocest the pandemonium lord
 54389 | D:7      | Noticed Cyttos the pandemonium lord
 54604 | D:$      | Escaped with the Orb!

Vanquished Creatures
  the Royal Jelly (Slime:5)
  An ancient lich (Vaults:5)
  5 dread liches
  3 orbs of fire (Zot:5)
  Mara (Shoals:4)
  Sojobo (Depths:1)
  3 royal mummies (Depths:2)
  3 Killer Klowns (Zot:5)
  Xtahua (Depths:4)
  A curse toe (Depths:4)
  9 golden dragons
  10 caustic shrikes (Depths:4)
  Nikola (Spider:4)
  A profane servitor (D:13)
  A bone dragon (Depths:4)
  2 Brimstone Fiends
  An electric golem (Zot:4)
  A walking crystal tome (Depths:4)
  Rupert (D:13)
  22 Orb Guardians
  A lich (Depths:2)
  2 tentacled monstrosities
  2 deep elf master archers (Elf:3)
  13 acid blobs
  2 deep elf blademasters (Elf:3)
  2 quicksilver dragons
  6 sphinxes
  6 titans (Vaults:5)
  Frances (D:13)
  An Executioner (Zot:2)
  An eldritch tentacle (Zot:5)
  Gastronok (Lair:2)
  7 shadow dragons
  A death cob (Zot:2)
  6 azure jellies
  3 storm dragons (Vaults:5)
  6 tengu reavers
  Roxanne (D:15)
  6 fire giants
  A draconian knight (Depths:4)
  A balrug (Depths:2)
  6 rockslimes (Slime:5)
  A draconian monk (Zot:3)
  24 vault wardens
  4 emperor scorpions (Spider:4)
  11 frost giants
  3 draconian scorchers (Zot:3)
  5 deep elf sorcerers
  3 iron dragons
  2 reapers
  4 draconian stormcallers
  An orc warlord (Vaults:1)
  3 draconian shifters
  A cacodemon (D:11)
  4 deep elf elementalists (Elf:3)
  4 war gargoyles
  3 draconian annihilators (Zot:3)
  6 broodmothers
  A spriggan defender (Depths:3)
  13 ironbound thunderhulks
  10 ironbound preservers
  5 green draconians
  7 quicksilver oozes
  A demonspawn blood saint (Zot:2)
  20 very ugly things
  11 stone giants
  3 formless jellyfish
  2 black draconians
  11 deep elf annihilators
  A vampire knight (Depths:1)
  8 white draconians
  6 deep elf demonologists
  3 purple draconians
  2 dire elephants (Vaults:1)
  5 red draconians
  2 yellow draconians
  8 spark wasps
  6 deep elf death magi (Elf:3)
  18 ettins
  2 mummy priests (Depths:2)
  3 green deaths
  An entropy weaver (shapeshifter) (D:14)
  2 blizzard demons
  Josephine (D:13)
  6 merfolk impalers
  5 entropy weavers
  3 jiangshi (Depths:1)
  6 fire dragons
  27 yaktaur captains
  4 deep elf high priests
  3 merfolk javelineers
  Harold (Lair:1)
  4 great orbs of eyes
  3 peacekeepers
  41 vault guards
  6 hydras
  3 rakshasas
  6 ogre magi
  10 ice dragons
  3 jorogumos
  An alligator snapping turtle (Shoals:2)
  16 boulder beetles
  11 ironbound frosthearts
  4 merfolk avatars
  A spriggan air mage (Depths:2)
  2 radroaches
  16 centaur warriors
  Erica (D:10)
  13 two-headed ogres
  11 dancing weapons
  A deep troll shaman (Depths:2)
  3 merfolk aquamancers
  3 deep troll earth magi
  4 demonic crawlers
  9 tengu warriors
  5 satyrs
  2 occultists
  2 vampire magi (Depths:1)
  An orc high priest (Orc:2)
  6 spriggan berserkers
  2 thrashing horrors (Lair:5)
  9 deep elf knights
  5 hell knights
  3 soul eaters
  2 fire crabs (Shoals:4)
  2 sun demons (Depths:1)
  Urug (D:13)
  7 skysharks
  3 sun moths
  4 sixfirhies
  2 pharaoh ants
  A skeletal warrior (D:11)
  6 glowing orange brains
  4 iron trolls
  11 sea snakes
  10 orb spiders
  32 deep trolls
  7 arcanists
  An orange crystal statue (Shoals:1)
  An obsidian statue (Depths:4)
  11 lindwurms
  2 orc knights
  11 steelbarb worms
  20 ironbound convokers
  19 deep elf pyromancers
  4 necromancers
  22 harpies
  4 phantasmal warriors
  33 ugly things
  21 wolf spiders
  23 deep elf zephyrmancers
  A sphinx simulacrum (Vaults:2)
  11 deep elf archers
  A faun (shapeshifter) (Vaults:5)
  An orc sorcerer (Orc:1)
  A tengu zombie (Vaults:2)
  A shining eye (Slime:1)
  2 stone giant zombies (Vaults:2)
  14 cyclopes
  A manticore (shapeshifter) (Vaults:3)
  16 manticores
  16 moths of wrath
  A stone giant skeleton (Vaults:2)
  Maurice (D:10)
  2 rust devils (Depths:4)
  25 fauns
  6 black mambas
  3 eyes of devastation
  5 merfolk sirens
  3 water nymphs
  19 vault sentinels
  11 torpor snails
  4 smoke demons
  3 naga magi (D:13)
  3 hellions
  2 gargoyles
  5 orange demons
  6 kobold demonologists
  2 large abominations (Lair:5)
  15 cane toads
  A rime drake (Lair:4)
  6 komodo dragons
  Jeremiah (D:8)
  A komodo dragon (shapeshifter) (Elf:3)
  4 unseen horrors
  An efreet (D:15)
  3 freezing wraiths
  8 tengu conjurers
  28 yaktaurs
  2 tormentors
  13 trolls
  7 hellwings
  7 meliai
  26 merfolk
  9 wind drakes
  5 polar bears
  19 tarantellas
  5 hornets
  3 raiju
  3 snapping turtles
  23 blink frogs
  12 dream sheep
  25 culicivoras
  97 slime creatures
  18 water elementals
  3 spriggans
  23 jumping spiders
  A shadow (D:11)
  6 wraiths
  10 small abominations (Lair:5)
  4 air elementals
  4 wyverns
  5 ynoxinuls
  2 fire elementals (Elf:1)
  42 yaks
  2 fire bats (Shoals:4)
  4 basilisks
  A basilisk (shapeshifter) (Lair:5)
  Grum (D:10)
  61 redbacks
  2 steam dragons
  A golden eye (shapeshifter) (Elf:1)
  A golden eye (Slime:5)
  Menkaure (D:4)
  2 neqoxecs (Depths:4)
  18 vampire mosquitoes
  A warg (Orc:2)
  14 water moccasins
  3 acid dragons
  A sky beast (D:7)
  26 orc warriors
  9 boggarts (Vaults:3)
  14 wolves
  22 ogres
  9 centaurs
  2 kobold brigands (D:11)
  13 bullfrogs
  A gnoll sergeant (D:5)
  6 earth elementals
  A scorpion (Lair:3)
  A hornet simulacrum (D:13)
  16 wights
  A killer bee (shapeshifter) (Lair:5)
  9 killer bees
  7 howler monkeys
  6 electric eels
  3 hounds
  17 orc priests
  A gnoll bouda (D:8)
  8 jellies
  Jessica (D:2)
  A sleepcap (D:6)
  Ijyb (D:4)
  Terence (D:2)
  3 iguanas
  21 orc wizards
  Robin (D:2)
  3 adders
  7 gnolls
  A shadow imp (D:6)
  3 white imps
  A worm (D:3)
  4 dart slugs
  70 orcs
  A ball python (shapeshifter) (Vaults:5)
  7 ball pythons
  6 bats
  An endoplasm (shapeshifter) (Vaults:5)
  An endoplasm (D:1)
  A goblin (shapeshifter) (Vaults:5)
  24 goblins
  12 hobgoblins
  11 jackals
  3 quokkas
  A quokka (shapeshifter) (Depths:2)
  A frilled lizard (D:1)
  22 kobolds
  A kobold (shapeshifter) (Vaults:5)
  4 rats
2009 creatures vanquished.

Vanquished Creatures (collateral kills)
  4 orbs of fire (Zot:5)
  2 tentacled monstrosities (Zot:2)
  2 Orb Guardians (Zot:5)
  A quicksilver dragon (Zot:5)
  A storm dragon (Zot:2)
  A vault warden (Vaults:4)
  A deep elf elementalist (Elf:3)
  A draconian annihilator (Zot:2)
  A broodmother (Spider:4)
  A black draconian (Zot:3)
  A deep elf death mage (Elf:3)
  A centaur warrior (Vaults:1)
  A merfolk avatar (Shoals:4)
  A meliai (Spider:4)
  A blink frog (shapeshifter) (Lair:5)
  2 blink frogs
  A spriggan (Lair:5)
  A small abomination (Lair:5)
  A wyvern (Lair:1)
  A basilisk (Lair:5)
  A chaos spawn (Lair:5)
  A killer bee (D:8)
28 creatures vanquished.

Vanquished Creatures (others)
  An electric golem (Zot:5)
  7 eldritch tentacles
  A fire giant (Depths:3)
  A black draconian (Zot:2)
  A tengu warrior (Depths:3)
  A deep elf knight (Elf:2)
  A faun (Shoals:4)
  A raiju (D:13)
  A kobold (shapeshifter) (Vaults:5)
15 creatures vanquished.

Grand Total: 2052 creatures vanquished

Table legend:
 A = Non-vault XP
 B = Vault XP
 C = Vault XP percentage of total XP
 D = Non-vault monster count
 E = Vault monster count
 F = Vault count percentage of total count
                 A         B        C        D         E       F
            +---------+---------+-------+---------+---------+-------
      Total |  607843 |  570522 |  48.4 |    1292 |     718 |  35.7
            +---------+---------+-------+---------+---------+-------
        D:1 |      39 |       6 |  13.3 |      24 |       3 |  11.1
        D:2 |      12 |     103 |  89.6 |       8 |      10 |  55.6
        D:3 |     104 |       3 |   2.8 |      24 |       2 |   7.7
        D:4 |     157 |     232 |  59.6 |      19 |      13 |  40.6
        D:5 |     603 |       0 |   0.0 |      12 |       0 |   0.0
        D:6 |     633 |       0 |   0.0 |      23 |       0 |   0.0
        D:7 |     958 |       0 |   0.0 |      18 |       0 |   0.0
        D:8 |     876 |     689 |  44.0 |      12 |       6 |  33.3
        D:9 |    1563 |       7 |   0.4 |      24 |       4 |  14.3
       D:10 |    3751 |    2666 |  41.5 |      21 |       9 |  30.0
       D:11 |    4054 |   15244 |  79.0 |      33 |      29 |  46.8
       D:12 |    6411 |       0 |   0.0 |      21 |       0 |   0.0
       D:13 |    9752 |   17595 |  64.3 |      25 |      39 |  60.9
       D:14 |   14205 |    6849 |  32.5 |      32 |      10 |  23.8
       D:15 |   11757 |    3023 |  20.5 |      27 |       3 |  10.0
     Lair:1 |    4156 |     886 |  17.6 |      17 |       1 |   5.6
     Lair:2 |    4876 |    2750 |  36.1 |      26 |       6 |  18.8
     Lair:3 |    6309 |       0 |   0.0 |      19 |       0 |   0.0
     Lair:4 |    7115 |     210 |   2.9 |      29 |       5 |  14.7
     Lair:5 |    8965 |    9175 |  50.6 |      31 |      36 |  53.7
   Shoals:1 |   14991 |    4649 |  23.7 |      29 |       9 |  23.7
   Shoals:2 |   11459 |       0 |   0.0 |      25 |       0 |   0.0
   Shoals:3 |   12302 |    4316 |  26.0 |      26 |       6 |  18.8
   Shoals:4 |    5394 |   28846 |  84.2 |      11 |      45 |  80.4
   Spider:1 |    9081 |       0 |   0.0 |      23 |       0 |   0.0
   Spider:2 |   11646 |    5655 |  32.7 |      30 |      12 |  28.6
   Spider:3 |   18973 |       0 |   0.0 |      56 |       0 |   0.0
   Spider:4 |   22166 |   25173 |  53.2 |      50 |      46 |  47.9
    Slime:1 |    6346 |       0 |   0.0 |      17 |       0 |   0.0
    Slime:2 |    4693 |       0 |   0.0 |       6 |       0 |   0.0
    Slime:3 |    5998 |       0 |   0.0 |      14 |       0 |   0.0
    Slime:4 |    1608 |       0 |   0.0 |       4 |       0 |   0.0
    Slime:5 |    5166 |   21403 |  80.6 |      10 |      17 |  63.0
      Orc:1 |    3009 |     239 |   7.4 |      24 |       4 |  14.3
      Orc:2 |    3398 |   14923 |  81.5 |      37 |      37 |  50.0
      Elf:1 |   14882 |    8616 |  36.7 |      30 |      13 |  30.2
      Elf:2 |   13218 |    2480 |  15.8 |      22 |       3 |  12.0
      Elf:3 |   14128 |   37999 |  72.9 |      25 |      34 |  57.6
   Vaults:1 |   30285 |   19342 |  39.0 |      38 |      23 |  37.7
   Vaults:2 |   32587 |    6770 |  17.2 |      51 |      10 |  16.4
   Vaults:3 |   25411 |   29191 |  53.5 |      43 |      39 |  47.6
   Vaults:4 |   33402 |   18296 |  35.4 |      49 |      22 |  31.0
   Vaults:5 |   23200 |  116262 |  83.4 |      29 |      91 |  75.8
   Depths:1 |   41447 |   10858 |  20.8 |      54 |       9 |  14.3
   Depths:2 |   21002 |   16772 |  44.4 |      30 |      11 |  26.8
   Depths:3 |   26375 |   14566 |  35.6 |      29 |      13 |  31.0
   Depths:4 |   50997 |   31438 |  38.1 |      33 |      33 |  50.0
      Zot:1 |     454 |    5584 |  92.5 |       1 |       6 |  85.7
      Zot:2 |   18252 |       0 |   0.0 |      16 |       0 |   0.0
      Zot:3 |   15541 |    4752 |  23.4 |      15 |       4 |  21.1
      Zot:4 |       0 |    1996 | 100.0 |       0 |       1 | 100.0
      Zot:5 |   24136 |   79979 |  76.8 |      20 |      31 |  60.8
     Bailey |       0 |     979 | 100.0 |       0 |      23 | 100.0
            +---------+---------+-------+---------+---------+-------

Skill      XL: |  1  2  3  4  5  6  7  8  9 10 11 12 13 14 15 16 17 18 19 20 21 22 23 24 25 |
---------------+----------------------------------------------------------------------------+-----
Ranged Weapons | 2 3 4 5 6 7 8 10 13 14 16 17 18 19 | 19.5
Fighting       | 3 4 6 7 8 9 11 15 19 20 22 23 24 | 24.9
Ice Magic      | 2 5 |  5.7
Spellcasting   | 3 4 6 9 11 | 11.5
Dodging        | 4 7 8 9 12 14 18 19 21 | 21.7
Hexes          | 4 7 11 | 11.7
Transmutations | 8 12 | 12.0
Conjurations   | 4 6 |  6.1
Stealth        | 4 |  4.0
Armour         | 4 |  4.0
Translocations | 1 3 5 10 | 10.2
Evocations     | 5 |  5.5
Earth Magic    | 3 |  3.8
Summonings     | 3 10 | 10.3
Fire Magic     | |  0.8

Action                     |  1- 3 |  4- 6 |  7- 9 | 10-12 | 13-15 | 16-18 | 19-21 | 22-24 | 25-27 || total
---------------------------+-------+-------+-------+-------+-------+-------+-------+-------+-------++-------
   Fire: Sling             |   106 |   202 |   438 |    89 |       |       |       |       |       ||   835
         Orcbow            |       |       |       |   551 |  1416 |  2019 |  1986 |  1939 |   174 ||  8085
  Throw: Dart              |       |       |       |     2 |       |       |       |       |       ||     2
   Cast: Jinxbite          |       |    10 |    37 |    25 |     4 |       |       |       |       ||    76
         Frozen Ramparts   |       |       |    18 |    24 |    15 |       |       |       |       ||    57
         Wereblood         |       |       |       |     1 |    17 |    16 |    10 |    13 |     1 ||    58
         Irradiate         |       |       |       |       |     5 |    13 |    18 |    16 |       ||    52
         Leda's Liquefacti |       |       |       |       |       |    17 |     8 |    21 |     1 ||    47
         Metabolic Englaci |       |       |       |       |       |     7 |     6 |     9 |       ||    22
         Cause Fear        |       |       |       |       |       |    10 |       |     6 |       ||    16
         Dimensional Bulls |       |       |       |       |       |    21 |    23 |    27 |     1 ||    72
         Yara's Violent Un |       |       |       |       |       |       |     2 |     3 |       ||     5
         Passage of Golubr |       |       |       |       |       |       |       |     6 |     1 ||     7
         Malign Gateway    |       |       |       |       |       |       |       |     5 |     4 ||     9
 Invoke: Curse Item        |       |     1 |     4 |     4 |     4 |     3 |       |     1 |       ||    17
         Shatter the Chain |       |       |     1 |     2 |     2 |     2 |     1 |       |       ||     8
  Evoke: Wand              |       |       |     6 |    10 |     2 |       |       |     1 |     4 ||    23
         Condenser vane    |       |       |       |       |       |       |     1 |     1 |       ||     2
         Box of beasts     |       |       |       |       |       |       |       |     1 |       ||     1
    Use: Scroll            |       |     6 |       |    13 |     3 |     5 |     2 |    12 |     2 ||    43
         Potion            |       |       |     1 |     1 |       |       |     1 |    11 |     5 ||    19
 Armour: Robe              |    37 |    56 |    53 |       |       |       |       |       |       ||   146
         Leather armour    |       |       |    92 |   180 |   266 |   225 |   230 |   307 |    50 ||  1350
  Dodge: Dodged            |    28 |    64 |   114 |   233 |   758 |  1245 |  1223 |  1437 |   209 ||  5311
         Repelled          |       |       |       |       |     9 |    12 |    18 |       |       ||    39
  Block: Buckler           |       |    26 |    91 |     6 |       |       |       |       |       ||   123

Illustrated notes

Table legend:
 A = Kills in this place as a percentage of kills in the entire game.
 B = Kills by you in this place as a percentage of kills by you in the entire game.
 C = Kills by friends in this place as a percentage of kills by friends in the entire game.
 D = Other kills in this place as a percentage of other kills in the entire game.
 E = Experience gained in this place as a percentage of experience gained in the entire game.
 F = Experience gained in this place divided by the number of levels of this place that you have seen.
                   A       B       C       D       E      F
               +-------+-------+-------+-------+-------+----------------------
         Total | 100.0 | 100.0 | 100.0 | 100.0 | 100.0 | 22640.7
       Dungeon |  22.6 |  23.0 |   3.6 |  12.5 |   9.2 | 7397.7
          Lair |   8.4 |   8.1 |  28.6 |   0.0 |   3.7 | 8888.4
        Shoals |   7.4 |   7.5 |   3.6 |  12.5 |   6.8 | 20489.2
   Spider Nest |  10.7 |  10.8 |   7.1 |   0.0 |   7.7 | 23173.5
    Slime Pits |   3.4 |   3.4 |   0.0 |   0.0 |   3.8 | 9042.8
  Orcish Mines |   5.0 |   5.1 |   0.0 |   0.0 |   1.8 | 10784.5
   Elven Halls |   6.3 |   6.2 |   7.1 |  12.5 |   7.6 | 30441.0
        Vaults |  19.5 |  19.7 |   7.1 |  12.5 |  27.9 | 66949.2
        Depths |  10.6 |  10.6 |   0.0 |  25.0 |  17.9 | 53782.0
           Zot |   5.0 |   4.4 |  42.9 |  25.0 |  13.4 | 32187.6
        Bailey |   1.1 |   1.2 |   0.0 |   0.0 |   0.1 | 979.0
               +-------+-------+-------+-------+-------+----------------------

Table legend: (Time is in decaauts)
 A = Elapsed time spent in this place.
 B = Non-inter-level travel time spent in this place.
 C = Inter-level travel time spent in this place.
 D = Time resting spent in this place.
 E = Time spent auto-exploring this place.
 F = Levels seen in this place.
 G = Mean time per level.
                   A        B        C        D        E       F      G
               +--------+--------+--------+--------+--------+-----+--------+
         Total |  52856 |  46747 |   6109 |   4727 |  30159 |  53 |  997.3 |
       Dungeon |  17113 |  14489 |   2624 |   1259 |   9667 |  15 | 1140.9 |
          Lair |   4932 |   4100 |    832 |    214 |   2950 |   5 |  986.4 |
        Shoals |   4085 |   3859 |    226 |    368 |   2614 |   4 | 1021.2 |
   Spider Nest |   5266 |   4988 |    278 |    438 |   3573 |   4 | 1316.5 |
    Slime Pits |    661 |    585 |     76 |     75 |    159 |   5 |  132.2 |
  Orcish Mines |   1971 |   1590 |    381 |    191 |   1125 |   2 |  985.5 |
   Elven Halls |   2691 |   2548 |    143 |    143 |   1768 |   3 |  897.0 |
        Vaults |   8375 |   7297 |   1078 |    204 |   5210 |   5 | 1675.0 |
        Depths |   4619 |   4238 |    381 |    688 |   2402 |   4 | 1154.8 |
           Zot |   2117 |   2031 |     86 |    528 |    599 |   5 |  423.4 |
        Bailey |   1019 |   1019 |      0 |    616 |     88 |   1 | 1019.0 |
               +--------+--------+--------+--------+--------+-----+--------+

Top non-repeatable levels by time:
Vaults:1: 2046 daAuts
Vaults:3: 1754 daAuts
    D:11: 1721 daAuts
Depths:4: 1625 daAuts
Vaults:5: 1575 daAuts
Spider:3: 1538 daAuts
Vaults:4: 1518 daAuts
Vaults:2: 1480 daAuts
    D:13: 1455 daAuts
Spider:4: 1427 daAuts
     D:6: 1341 daAuts
   Orc:2: 1308 daAuts
Spider:1: 1305 daAuts
     D:1: 1244 daAuts
     D:4: 1240 daAuts
